 Dungeon Crawl Stone Soup version 0.28.0-53-g5a82cb258f (webtiles) character file.

Game seed: 342835360796205742

605 ZappyNine the Skirmisher (level 7, -6/36 (39) HPs)
             Began as a Vine Stalker Fighter on May 31, 2022.
             Mangled by a wight
             ... wielding a +4 flail
              (9 damage)
             ... on level 5 of the Dungeon.
             The game lasted 00:05:03 (3726 turns).

ZappyNine the Skirmisher (Vine Stalker Fighter)     Turns: 3726, Time: 00:05:04

HP:   -6/36 (39)    AC:  7    Str: 20    XL:     7   Next: 42%
MP:   0/8           EV:  9    Int:  8    God:
Gold: 210           SH:  6    Dex: 14    Spells: 6/6 levels left

rFire   . . .      SeeInvis .   e - +0 short sword (speed)
rCold   . . .      Faith    .   c - +1 buckler
rNeg    + . .      Spirit   +   b - +0 scale mail
rPois   +          Reflect  .   (no helmet)
rElec   .          Harm     .   (no cloak)
rCorr   .          Rampage  .   (no gloves)
Will    .....                   (no boots)
Stlth   ..........              (no amulet)
HPRegen 0.92/turn               o - ring of poison resistance
MPRegen 0.11/turn               l - ring of positive energy

@: drained
A: fangs 2, regeneration 1, magic shield, antimagic bite, no potion heal 2
a: no special abilities


You were on level 5 of the Dungeon.
You visited 1 branch of the dungeon, and saw 5 of its levels.

You collected 233 gold pieces.
You spent 23 gold pieces at shops.

Inventory:

Hand Weapons
 a - a +0 rapier
 e - a +0 short sword of speed (weapon)
Armour
 b - a +0 scale mail (worn)
 c - a +1 buckler (worn)
Jewellery
 l - a ring of positive energy (right hand)
 o - a ring of poison resistance (left hand)
Wands
 g - a wand of charming (9)
 q - a wand of paralysis (21)
Scrolls
 f - 2 scrolls of fog
 j - 2 scrolls of teleportation
 p - 2 scrolls of fear
Potions
 d - a potion of might
 h - a potion of haste
 i - a potion of brilliance
 k - 2 potions of attraction {unknown}
 m - a potion of cancellation {unknown}
 n - a potion of flight {unknown}
 r - a potion of heal wounds


   Skills:
 + Level 5.1 Fighting
 + Level 3.6 Short Blades
 + Level 3.8 Armour
 - Level 4.0 Shields


You had 6 spell levels left.
You didn't know any spells.
Your spell library contained the following spells:

 Spells                   Type           Power      Damage    Failure   Level
 Beastly Appendage        Tmut           0%         N/A       85%         1
 Wereblood                Tmut           0%         N/A       94%         2
 Spider Form              Tmut/Pois      0%         N/A       99%         3
 Stone Arrow              Conj/Erth      0%         3d7       99%         3
 Animate Armour           Summ/Erth      0%         N/A       100%        4
 Lehudib's Crystal Spear  Conj/Erth      0%         10d2      100%        8


Dungeon Overview and Level Annotations

Branches:
Dungeon (5/15)
 Temple: D:4-7

Altars:
Gozag

Shops:
D:5 *

Annotations:
D:4 3 runed translucent doors, ZappyNine's ghost, amateur GrVM


Innate Abilities, Weirdness & Mutations

You have extremely sharp teeth.
Your natural rate of healing is unusually fast.
When hurt, damage is shared between your health and your magic reserves.
Your bite disrupts and absorbs the magic of your enemies.
Potions cannot restore your health.


Message History

You are too injured to fight recklessly!
You are too injured to fight recklessly!
You are too injured to fight recklessly!
You are too injured to fight recklessly!
You are too injured to fight recklessly!
You are too injured to fight recklessly!
You are too injured to fight recklessly!
You are too injured to fight recklessly!
You are too injured to fight recklessly!
You are too injured to fight recklessly!
You are too injured to fight recklessly!
You are too injured to fight recklessly!
You are too injured to fight recklessly!
You closely miss the wight. You bite the wight, but do no damage.
The wight is lightly damaged.
The wight hits you with a +4 flail. You partially resist.
You feel drained.
You barely miss the wight.
The wight is lightly damaged.
You barely miss the wight. You bite the wight, but do no damage.
The wight is lightly damaged.
The wight hits you with a +4 flail!
You closely miss the wight. You bite the wight. You drain its power.
You feel invigorated.
The wight is moderately damaged.
You hit the wight but do no damage.
The wight is moderately damaged.
The wight closely misses you.
You hit the wight. Your bite misses the wight.
The wight is heavily damaged.
The wight hits you with a +4 flail.
You closely miss the wight.
The wight is heavily damaged.
You barely miss the wight. You bite the wight, but do no damage.
The wight is heavily damaged.
The wight hits you with a +4 flail!
* * * LOW HITPOINT WARNING * * *
You hit the wight but do no damage.
The wight is heavily damaged.
The wight hits you with a +4 flail!
You die...

####### ##..#..#
#......# #......#
#.....># #.....>#
#......#
############.##@##
##.....#...##+##z####
......#.............#
......#.............#
......#...<.........#
......#.............#
########....#..#...##
##...###....######.#
#....#.......#####.#


You could see a wight.

Vanquished Creatures
  An ice beast (D:4)
  A scorpion (D:4)
  A howler monkey (D:4)
  A centaur zombie (D:4)
  An orc priest (D:3)
  2 jellies (D:5)
  Terence (D:2)
  Natasha (D:3)
  An orc wizard (D:3)
  3 gnolls (D:3)
  10 adders
  A white imp (D:5)
  An ufetubus (D:5)
  2 worms
  2 dart slugs (D:1)
  12 orcs
  3 bats
  6 endoplasms
  2 giant cockroaches (D:2)
  6 goblins
  6 hobgoblins
  A quokka (D:2)
  6 ball pythons
  A frilled lizard (D:2)
  7 kobolds
  5 rats
84 creatures vanquished.

Notes
Turn   | Place    | Note
-------+----------+-------------------------------------------
     0 | D:1      | ZappyNine the Vine Stalker Fighter began the quest for the
                  | Orb.
     0 | D:1      | Reached XP level 1. HP: 11/11 MP: 2/2
   101 | D:1      | Reached XP level 2. HP: 16/16 MP: 3/3
   116 | D:1      | Reached skill level 3 in Fighting
   758 | D:2      | Reached XP level 3. HP: 20/20 MP: 4/4
   763 | D:2      | Found a faded altar of an unknown god.
  1380 | D:2      | Gained mutation: Your natural rate of healing is unusually
                  | fast. [Vine Stalker growth]
  1380 | D:2      | Reached XP level 4. HP: 19/25 MP: 5/5
  1716 | D:2      | Noticed Terence
  1728 | D:2      | Killed Terence
  1729 | D:2      | Reached skill level 4 in Fighting
  1732 | D:2      | Reached XP level 5. HP: 13/29 MP: 3/6
  2195 | D:3      | Noticed Natasha
  2200 | D:3      | Killed Natasha
  2289 | D:3      | Reached XP level 6. HP: 29/34 MP: 7/7
  2832 | D:4      | Found a runed translucent gate.
  2832 | D:4      | Found a runed translucent gate.
  2832 | D:4      | Found a runed translucent gate.
  2833 | D:4      | Found an opulent altar of Gozag.
  2982 | D:4      | Noticed ZappyNine's ghost (amateur GrVM)
  3285 | D:5      | Entered Level 5 of the Dungeon
  3296 | D:5      | Found Ronkuvel's Assorted Antiques.
  3304 | D:5      | Noticed an orc warrior
  3310 | D:5      | Reached XP level 7. HP: 38/38 MP: 8/8
  3418 | D:4      | Reached skill level 5 in Fighting
  3556 | D:5      | Bought a yellow potion for 23 gold pieces
  3726 | D:5      | Mangled by a wight

Illustrated notes

Levels and vault maps discovered:
D:1:      dpeg_arrival_rhombus, layout_loops_ring, minmay_misc_feat_chi
D:2:      layout_basic, hellmonk_ecumenical_altar_blasted, minmay_tetromino_s2,
          uniq_terence
D:3:      layout_rooms, uniq_natasha
D:4:      layout_loops_ring, ebering_ghost_gozag
D:5:      layout_gridville, serial_shops, shop, nicolae_shop_overgrown_old_shop

Skill      XL: |  1  2  3  4  5  6  7 |
---------------+----------------------+-----
Fighting       | 3 4 5 |  5.1
Short Blades   | 2 3 |  3.6
Armour         | 3 |  3.8
Shields        | 4 |  4.0

Action                   |  1- 3 |  4- 6 |  7- 9 || total
-------------------------+-------+-------+-------++-------
Melee: Short sword       |    67 |   207 |    61 ||   335
       Bite              |    18 |    68 |    23 ||   109
       Rapier            |     1 |       |       ||     1
  Use: Scroll            |       |    11 |       ||    11
       Potion            |       |       |     1 ||     1
Armor: Scale mail        |    21 |    44 |    11 ||    76
Dodge: Dodged            |    16 |    52 |    12 ||    80
Block: Buckler           |     9 |    31 |     9 ||    49
